 Dungeon Crawl Stone Soup version 0.28.0-53-g5a82cb258f (webtiles) character file.

Game seed: 15561624980112250947

72 safid the Chopper (level 4, -1/40 HPs)
             Began as a Hill Orc Fighter on Aug 3, 2022.
             Slain by an ogre
             ... wielding a +0 giant club
              (18 damage)
             ... on level 2 of the Dungeon.
             The game lasted 00:01:37 (1512 turns).

safid the Chopper (Hill Orc Fighter)                Turns: 1512, Time: 00:01:37

Health: -1/40      AC: 10    Str: 20    XL:     4   Next: 26%
Magic:  4/4        EV:  9    Int:  8    God:
Gold:   86         SH:  4    Dex: 10    Spells: 3/3 levels left

rFire   . . .      SeeInvis .   a - +0 war axe
rCold   . . .      Faith    .   c - +0 buckler
rNeg    . . .      Spirit   .   b - +0 scale mail
rPois   .          Reflect  .   f - +2 helmet
rElec   .          Harm     .   (no cloak)
rCorr   .          Rampage  .   (no gloves)
Will    .....                   (no boots)
Stlth   ..........              (no amulet)
HPRegen 0.13/turn               (no ring)
MPRegen 0.09/turn               (no ring)

@: no status effects
A: no striking features
a: no special abilities


You were on level 2 of the Dungeon.
You visited 1 branch of the dungeon, and saw 2 of its levels.

You collected 86 gold pieces.

Inventory:

Hand Weapons
 a - a +0 war axe (weapon)
Missiles
 k - 6 boomerangs (quivered)
 o - 3 poisoned darts
Armour
 b - a +0 scale mail (worn)
 c - a +0 buckler (worn)
 f - a +2 helmet (worn)
Jewellery
 i - a +6 ring of dexterity
Scrolls
 e - a scroll of blinking {unknown}
 g - 2 scrolls of teleportation {unknown}
 h - a scroll of identify {unknown}
 l - a scroll of noise {unknown}
 n - a scroll of enchant armour {unknown}
Potions
 d - a potion of might
 j - a potion of berserk rage {unknown}
 m - a potion of lignification {unknown}


   Skills:
 - Level 4.0 Fighting
 + Level 4.1 Axes
 - Level 4.0 Armour
 - Level 4.0 Shields


You had 3 spell levels left.
You didn't know any spells.
Your spell library was empty.

Dungeon Overview and Level Annotations

Branches:
Dungeon (2/15)

Altars:
Xom


Message History

The ogre shouts!
Found a scroll labelled XOULU YTEE and a viscous cyan potion.
There is a large open door here.
Throw: 6 boomerangs
Press: ? - help, Q - select action, (/) - cycle Shift-Dir - straight line, f - ogre
Aim: an ogre, wielding a +0 giant club (73% to hit)
You throw a boomerang. The boomerang hits the ogre.
The ogre is moderately wounded.
The ogre completely misses you.
You hit the ogre.
The ogre is moderately wounded.
The ogre barely misses you.
You barely miss the ogre.
The ogre is moderately wounded.
The ogre barely misses you.
You slash the ogre!
The ogre is severely wounded.
The ogre hits you with a +0 giant club!!
Ouch! That really hurt!
You are too injured to fight recklessly!
You are too injured to fight recklessly!
You are too injured to fight recklessly!
You are too injured to fight recklessly!
You are too injured to fight recklessly!
You are too injured to fight recklessly!
You are too injured to fight recklessly!
You are too injured to fight recklessly!
You are too injured to fight recklessly!
You are too injured to fight recklessly!
You are too injured to fight recklessly!
You are too injured to fight recklessly!
Unknown command.
You barely miss the ogre.
The ogre is severely wounded.
The ogre closely misses you.
Unknown command.
You hit the ogre.
The ogre is severely wounded.
The ogre hits you with a +0 giant club!!
You die...

#)# #.####
#.## #....#
#..## ####.#
#...# #.#
####.# #.#
≈≈#.# #.#
##§ #≈#.#
#.#
#8..8#≈#.#
#.# ##
...?..O@.#
#.# .####.##
...!...'.#
#.. .†.....#
#8..8#≈###
#.. (####.#
##.. #≈ #..
......# §≈≈
≈≈ #.#
.####.# ##
#### #.#
.>....# #.#
#.# .####.#
#.# #..
.####.######
#.# ###


You could see an ogre.

Vanquished Creatures
  4 gnolls (D:2)
  An adder (D:2)
  2 endoplasms (D:1)
  A giant cockroach (D:1)
  4 goblins
  3 hobgoblins (D:1)
  2 jackals (D:2)
  A quokka (D:1)
  A ball python (D:1)
  4 bats
  2 frilled lizards (D:1)
  2 rats
27 creatures vanquished.

Notes
Turn   | Place    | Note
-------+----------+-------------------------------------------
     0 | D:1      | safid the Hill Orc Fighter began the quest for the Orb.
     0 | D:1      | Reached XP level 1. HP: 19/19 MP: 1/1
   160 | D:1      | Reached XP level 2. HP: 27/27 MP: 2/2
  1119 | D:2      | Reached XP level 3. HP: 17/33 MP: 3/3
  1330 | D:2      | Found a shimmering altar of Xom.
  1411 | D:2      | Reached XP level 4. HP: 29/40 MP: 4/4
  1505 | D:2      | Noticed an ogre
  1512 | D:2      | Slain by an ogre

Illustrated notes

Levels and vault maps discovered:
D:1:      scummos_arrival_simple_crosswalls, layout_basic, minmay_pentomino_u4
D:2:      layout_loops_ring, basic_altar, minivault_5, minmay_misc_feat_x,
          kennysheep_generic_room_5

Skill      XL: |  1  2  3  4 |
---------------+-------------+-----
Axes           | 3 4 |  4.1
Fighting       | 4 |  4.0
Armour         | 4 |  4.0
Shields        | 4 |  4.0

Action                   |  1- 3 |  4- 6 || total
-------------------------+-------+-------++-------
Melee: War axe           |    67 |     6 ||    73
Throw: Boomerang         |       |     1 ||     1
Armor: Scale mail        |    58 |       ||    58
Dodge: Dodged            |    47 |     4 ||    51
Block: Buckler           |    23 |       ||    23
